 Dungeon Crawl Stone Soup version 0.22.1-1-ga44c0e56f4 (webtiles) character file.

734 Kaderl the Ducker (level 7, -2/55 HPs)
             Began as a Merfolk Monk on Oct 26, 2018.
             Slain by Pikel
             ... wielding a +1 whip of freezing
              (9 damage)
             ... on level 4 of the Dungeon.
             The game lasted 00:18:41 (4521 turns).

Kaderl the Ducker (Merfolk Monk)                    Turns: 4521, Time: 00:18:42

Health: -2/55      AC:  7    Str: 13    XL:     7   Next: 74%
Magic:  7/7        EV: 14    Int: 10    God:
Gold:   127        SH:  3    Dex: 16    Spells: 6/6 levels left

rFire    . . .     SeeInvis .   j - +0 flail
rCold    . . .     Gourm    .   (no shield)
rNeg     . . .     Faith    .   p - +0 ring mail
rPois    .         Spirit   .   (no helmet)
rElec    .         Reflect  +   (no cloak)
rCorr    .         Harm     .   (no gloves)
MR       +....                  a - +1 pair of boots
Stlth    ++........             h - +3 amulet of reflection
HPRegen  0.18/turn              g - ring of protection from magic
MPRegen  0.10/turn              (no ring)

@: no status effects
A: change form in water, swift swim, stealthy swim
a: no special abilities


You were on level 4 of the Dungeon.
You were not hungry.

You visited 1 branch of the dungeon, and saw 4 of its levels.

You collected 127 gold pieces.

Inventory:

Hand Weapons
 j - a +0 flail (weapon)
Armour
 a - a +1 pair of boots (worn)
 p - a +0 ring mail (worn)
Jewellery
 g - a ring of protection from magic (left hand)
 h - a +3 amulet of reflection (around neck)
Wands
 k - a wand of random effects (28)
Scrolls
 b - 3 scrolls of identify
 d - a scroll of amnesia
 i - 4 scrolls of teleportation
 l - a scroll of fog {unknown}
 q - a scroll of remove curse
Potions
 e - 3 potions of flight {unknown}
 f - a potion of degeneration {unknown}
 m - a potion of heal wounds {unknown}
 n - 2 potions of magic {unknown}
 o - a potion of haste {unknown}
Comestibles
 c - 3 rations


   Skills:
 + Level 4.7 Fighting
 + Level 5.3 Maces & Flails
 + Level 2.1 Armour
 + Level 5.9 Dodging
 + Level 3.1 Stealth


You had 6 spell levels left.
You didn't know any spells.
Your spell library was empty.

Dungeon Overview and Level Annotations

Branches:
Dungeon (4/15)
 Temple: D:4-7

Altars:
Cheibriados
Elyvilon

Annotations:
D:4 Pikel


Message History

* * * LOW HITPOINT WARNING * * *
You barely miss Pikel.
Pikel is almost dead.
You block Pikel's attack.
You barely miss Pikel.
Pikel is almost dead.
Pikel hits you with a whip of freezing.
* * * LOW HITPOINT WARNING * * *
Pikel freezes you.
* * * LOW HITPOINT WARNING * * *
Pikel says, "Slavery isn't that bad."
Pikel waves his whip at you.
Okay, then.
Pikel says, "I'm sure they'll be treated well, anyway."
Pikel smiles. "I know this place well.
And it is filled with the corpses of Pikel says, "Slavery isn't that bad."
You hit Pikel.
Pikel is almost dead.
Pikel hits you with a whip of freezing!
You die...

.##.# #.###.#.#p#
##.......## # ###.# #.#
#.###.# ##.....## ....#
#.# #p# #p# ##...##
###.# #.# #.#
#.#######'## #.#
#.###.###.#.......# #.#
#.......p.#.#####.######
#.#
#####.#####.#####.##...#
#.#
#p#####.##.#...#.#.###
#.#
#..pK@....#......#...#
#.#
#######..###...#####>#
#.# #.#.#.#....#....
#.......##.#†###
##########...# #####


You could see Pikel and 2 slaves.

Vanquished Creatures
  A water moccasin zombie (D:4)
  2 scorpions (D:4)
  A howler monkey (D:4)
  2 orc priests
  2 hounds
  An orc wizard (D:3)
  A centaur skeleton (D:4)
  An iguana (D:4)
  Terence (D:3)
  A worker ant (D:4)
  A hound skeleton (D:4)
  4 worker ant zombies (D:4)
  A howler monkey zombie (D:4)
  3 gnolls (D:3)
  A howler monkey skeleton (D:4)
  5 adders
  2 oozes
  4 adder zombies (D:4)
  An adder skeleton (D:4)
  2 worms
  3 dart slugs
  4 leopard geckos
  12 orcs
  2 ball pythons
  5 giant cockroaches
  4 goblins
  10 hobgoblins
  4 jackals (D:4)
  A quokka (D:3)
  8 bats
  7 frilled lizards
  3 kobolds (D:1)
  2 leopard gecko zombies (D:4)
  A quokka zombie (D:4)
  7 rats
  A plant (D:2)
111 creatures vanquished.

Notes
Turn   | Place    | Note
-------+----------+-------------------------------------------
     0 | D:1      | Kaderl the Merfolk Monk began the quest for the Orb.
     0 | D:1      | Reached XP level 1. HP: 18/18 MP: 1/1
   108 | D:1      | Reached XP level 2. HP: 19/24 MP: 2/2
   248 | D:1      | Reached XP level 3. HP: 25/29 MP: 3/3
  1180 | D:3      | Reached XP level 4. HP: 20/37 MP: 4/4
  1672 | D:3      | Reached XP level 5. HP: 36/42 MP: 5/5
  1691 | D:3      | Noticed Terence
  1716 | D:3      | Killed Terence
  1716 | D:3      | Reached skill level 1 in Armour
  1716 | D:3      | Reached skill level 5 in Dodging
  2494 | D:3      | Found a white marble altar of Elyvilon.
  3082 | D:3      | Reached XP level 6. HP: 47/48 MP: 6/6
  3577 | D:4      | Reached XP level 7. HP: 37/55 MP: 7/7
  4025 | D:4      | Reached skill level 5 in Maces & Flails
  4057 | D:4      | Found a snail-covered altar of Cheibriados.
  4460 | D:4      | Noticed Pikel
  4485 | D:4      | HP: 2/55 [Pikel/whip of freezing (1)]
  4521 | D:4      | Slain by Pikel

Skill      XL: |  1  2  3  4  5  6  7 |
---------------+----------------------+-----
Maces & Flails | 3 4 5 |  5.3
Fighting       | 4 |  4.7
Armour         | 1 2 |  2.1
Dodging        | 5 |  5.9
Stealth        | 3 |  3.1

Action                   |  1- 3 |  4- 6 |  7- 9 || total
-------------------------+-------+-------+-------++-------
Melee: Mace              |   195 |       |       ||   195
       Flail             |       |   235 |   179 ||   414
       Tailslap          |       |     2 |     4 ||     6
  Use: Scroll            |     5 |     4 |       ||     9
 Stab: Sleeping          |     6 |       |     3 ||     9
  Eat: Ration            |     1 |     2 |     1 ||     4
Armor: Leather armour    |    15 |    35 |       ||    50
       Ring mail         |       |    31 |    36 ||    67
Dodge: Dodged            |    98 |   215 |   109 ||   422
Block: Other             |       |    34 |    17 ||    51
